 Dungeon Crawl Stone Soup version 0.30-a0-591-g3c58d2b (webtiles) character file.

Game seed: 15787124847134522892

123660 PublicAnimeNo1 the Marksdemonspawn (level 16, -17/120 HPs)
             Began as a Demonspawn Cinder Acolyte on Dec 15, 2022.
             Was a High Priest of Hepliaklqana.
             Demolished by a broodmother (23 damage)
             ... on level 3 of the Spider Nest on Jan 4, 2023.
             The game lasted 01:00:05 (23373 turns).

PublicAnimeNo1 the Marksdemonspawn (DsCA)          Turns: 23373, Time: 01:00:06

Health: -17/120    AC: 14    Str: 18    XL:     16   Next: 37%
Magic:  0/38       EV: 16    Int: 31    God:    Hepliaklqana [*****.]
Gold:   1062       SH:  5    Dex: 16    Spells: 17/17 levels left

rFire   + . .      SeeInvis .    S - +5 arbalest of Futyaz {speed, Str+4 Int+4}
rCold   + . .      Faith    .    (shield currently unavailable)
rNeg    . . .      Spirit   +    t - +0 leather armour of the Hills {Regen+ MP+9}
rPois   .          Reflect  +    x - +0 hat
rElec   .          Harm     .    p - +0 cloak
rCorr   .          Rampage  .    P - +2 pair of gloves
Will    +....      Clarity  +    F - +1 pair of boots
Stlth   ++++                     z - amulet of reflection
HPRegen 1.20/turn                k - +6 ring of intelligence
MPRegen 0.52/turn                g - ring "Xupyun" {rF+ rC+ MP+9 Dex+2 Slay+2}

@: lethally poisoned (-17 -> -45)
A: reduced essence, horns 1, ignite blood 2, magic shield, magic regeneration,
magic link, sharp scales 3, clarity, clever 1, low MP 1, shaggy fur 1
a: Renounce Religion, Recall Ancestor, Ancestor Identity, Transference, Idealise


You were on level 3 of the Spider Nest.
You worshipped Hepliaklqana.
Hepliaklqana was extremely pleased with you.
You visited 5 branches of the dungeon, and saw 26 of its levels.

You collected 2444 gold pieces.
You spent 1382 gold pieces at shops.

Inventory:

Hand Weapons
 a - a +1 dagger of electrocution
 b - the +9 sling of Glory {drain, rElec rF- Int+7 Stlth+}
   (You found it on level 3 of the Dungeon)

   Int:       It affects your intelligence (+7).
   rF:        It makes you vulnerable to fire.
   rElec:     It insulates you from electricity.
   Stlth:     It makes you more stealthy.
 d - a -1 short sword of flaming
 S - the +5 arbalest of Futyaz (weapon) {speed, Str+4 Int+4}
   (You bought it in a shop on level 1 of the Orcish Mines)

   Str:       It affects your strength (+4).
   Int:       It affects your intelligence (+4).
Armour
 p - a +0 cloak (worn)
 t - the +0 leather armour of the Hills (worn) {Regen+ MP+9}
   (You found it on level 5 of the Dungeon)

   MP:        It affects your magic capacity (+9).
   Regen:     It increases your rate of health regeneration.
 w - an orb of light
 x - a +0 hat (worn)
 F - a +1 pair of boots (worn)
 P - a +2 pair of gloves (worn)
 R - a +0 troll leather armour
Jewellery
 g - the ring "Xupyun" (right hand) {rF+ rC+ MP+9 Dex+2 Slay+2}
   (You found it on level 5 of the Lair of Beasts)

   [ring of protection from cold]

   Dex:       It affects your dexterity (+2).
   Slay:      It affects your accuracy & damage with ranged weapons and melee
   (+2).
   rF:        It protects you from fire.
   rC:        It protects you from cold.
   MP:        It affects your magic capacity (+9).
 i - a ring of magical power
 k - a +6 ring of intelligence (left hand)
 z - an amulet of reflection (around neck)
 I - a ring of positive energy
 J - a +6 ring of strength
 K - an amulet of magic regeneration
 Q - a ring of resist corrosion
Wands
 n - a wand of polymorph (23)
 D - a wand of paralysis (17)
 H - a wand of mindburst (7)
 L - a wand of digging (5)
 N - a wand of flame (29)
Scrolls
 h - a scroll of magic mapping
 l - 2 scrolls of fog
 m - 4 scrolls of fear
 y - 2 scrolls of enchant armour
 A - 4 scrolls of teleportation
 B - 8 scrolls of identify
 G - 6 scrolls of enchant weapon
 M - a scroll of amnesia
 U - a scroll of brand weapon
Potions
 c - 3 potions of magic
 e - 6 potions of might
 f - 3 potions of curing
 j - 6 potions of flight
 o - a potion of resistance
 q - 8 potions of mutation
 r - a potion of lignification
 s - 2 potions of invisibility
 u - 3 potions of ambrosia
 v - a potion of attraction
 C - a potion of cancellation
 E - 2 potions of brilliance
 O - 2 potions of berserk rage
 T - 2 potions of heal wounds


   Skills:
 + Level 14.3 Fighting
 - Level 6.0 Short Blades
 * Level 16.3 Ranged Weapons
 + Level 6.4 Armour
 + Level 8.3 Dodging
 - Level 10.0 Stealth
 - Level 1.0 Spellcasting
 - Level 3.0 Fire Magic
 + Level 9.4 Invocations
 - Level 10.0 Evocations


You had 17 spell levels left.
You didn't know any spells.
Your spell library contained the following spells:

 Spells                   Type           Power      Damage    Failure   Level
 Scorch                   Fire           40%        2d7       4%          2
 Magic Dart               Conj           4%         1d3       10%         1
 Searing Ray              Conj           2%         2d4       14%         2
 Inner Flame              Hex/Fire       10%        N/A       16%         3
 Kindle Blastsparks       Fire/Tloc/Air  14%        2d11      19%         3
 Dazzling Flash           Conj/Hex       2%         N/A       28%         3
 Anguish                  Hex/Necr       0%         N/A       67%         4
 Fulminant Prism          Conj/Hex       0%         3d5       67%         4
 Iskenderun's Mystic Bla  Conj/Tloc      1%         2d3       67%         4
 Lee's Rapid Deconstruct  Erth           0%         3d4*      95%         5
 Starburst                Conj/Fire      5%         6d4       100%        6
 Malign Gateway           Summ/Tloc      0%         N/A       100%        7
 Discord                  Hex            0%         N/A       100%        8
 Summon Horrible Things   Summ           0%         N/A       100%        8


Dungeon Overview and Level Annotations

Branches:
Dungeon (15/15)            Temple (1/1) D:5            Lair (5/5) D:9
  Swamp (0/4) Lair:2       Spider (3/4) Lair:3        Slime (0/5) Lair:5
    Orc (2/2) D:10            Elf (0/3) Orc:2        Vaults (0/5) D:13
 Depths (0/4) D:15

Altars:
Ashenzari
Cheibriados
Dithmenos
Fedhas
Gozag
Hepliaklqana
Kikubaaqudgha
Makhleb
Nemelex Xobeh
Okawaru
Qazlal
Ru
Sif Muna
Trog
Uskayaw
Vehumet
Wu Jian
Xom
Yredelemnul
Jiyva

Shops:
D:3 *   D:4 !   D:5 [   D:6 *   Orc:1 *   Orc:2 ?(*[=

Annotations:
D:3 1 runed translucent door, Crazy Yiuf
D:11 1 runed translucent door, Caterwaul's ghost, journeyman HuFi


Innate Abilities, Weirdness & Mutations

Your life essence is reduced to manifest your ancestor. (-10% HP)
You have a pair of small horns on your head.
Your demonic aura often causes spilled blood to erupt in flames.
When hurt, damage is shared between your health and your magic reserves.
You regenerate magic rapidly.
When low on magic, you restore magic in place of health.
You are completely covered in razor-sharp scales. (AC +3, Slay +3)
You possess an exceptional clarity of mind.
Your mind is acute. (Int +4, Str/Dex -1)
Your magical capacity is low. (-10% MP)
You are covered in fur. (AC +1)


Message History

You feel better.
The redback is engulfed in blazing flames.
You block the redback's attack.
The redback is engulfed in blazing flames.
The redback bites you.
* * * LOW HITPOINT WARNING * * *
You are lethally poisoned!
The redback poisons you!
The broodmother is engulfed in blazing flames.
The broodmother closely misses you.
The wolf spider is engulfed in blazing flames.
The wolf spider hits you.
* * * LOW HITPOINT WARNING * * *
The wolf spider bites you.
* * * LOW HITPOINT WARNING * * *
The jumping spider is engulfed in blazing flames.
The jumping spider pounces on you.
* * * LOW HITPOINT WARNING * * *
You are caught in a web!
The jumping spider completely misses you.
The broodmother is engulfed in blazing flames.
The broodmother closely misses you.
The redback is engulfed in blazing flames.
The redback bites you.
* * * LOW HITPOINT WARNING * * *
The web tears apart.
* * * LOW HITPOINT WARNING * * *
You feel extremely sick.
The redback is engulfed in blazing flames.
The redback misses you.
The wolf spider is engulfed in blazing flames.
The wolf spider hits you.
* * * LOW HITPOINT WARNING * * *
The wolf spider bites you.
* * * LOW HITPOINT WARNING * * *
The jumping spider is engulfed in blazing flames.
You block the jumping spider's attack. x2
The broodmother is engulfed in blazing flames.
The broodmother bites you!!
You die...

## ..^ $... ...†
#####
#..#####^#.##
#.ss@......##
#.s.sss.#....##
(...†###..##.....#
.... ####.....##
### ####..^#.##
#......###
##....#######
#...### ##..#
##[..####...#


You could see a broodmother (berserk), a wolf spider, 2 orb spiders, a jumping
spider (summoned) and a redback (summoned, berserk).

Vanquished Creatures
  Arachne (Spider:2)
  A fire giant (D:15)
  A ghost moth (Spider:2)
  Azrael (Orc:2)
  Snorg (D:10)
  An entropy weaver (Spider:2)
  8 hydras
  Erica (Orc:1)
  A centaur warrior (D:13)
  A jorogumo (Spider:2)
  6 boulder beetles
  2 dancing weapons (D:13)
  3 two-headed ogres
  3 tengu warriors
  A death knight (D:14)
  2 death yaks (Lair:3)
  2 orc high priests (Orc:2)
  10 skeletal warriors
  2 goliath frogs (Lair:5)
  3 pharaoh ants
  A sun moth (Spider:1)
  4 orb spiders
  A phantasmal warrior (D:14)
  2 steelbarb worms
  2 orc sorcerers (Orc:2)
  2 deep elf pyromancers
  6 orc knights
  3 ugly things
  A manticore (D:14)
  3 cyclopes
  11 elephants
  6 wolf spiders
  3 moths of wrath
  Joseph (D:8)
  3 black mambas
  3 gargoyles
  4 torpor snails
  23 cane toads
  8 komodo dragons
  5 rime drakes
  2 demonic crawlers (Spider:2)
  An efreet (D:13)
  A queen bee (shapeshifter) (D:15)
  4 tengu conjurers
  A kobold demonologist (D:12)
  A freezing wraith (D:14)
  3 trolls (D:13)
  A polar bear (Lair:4)
  A hornet (D:9)
  2 tyrant leeches (Lair:5)
  Prince Ribbit (D:8)
  15 tarantellas
  20 blink frogs
  A culicivora (shapeshifter) (D:13)
  20 jumping spiders
  7 slime creatures (D:15)
  2 centaur simulacra (D:15)
  A vampire (D:11)
  12 culicivoras
  4 wraiths
  55 yaks
  2 basilisks (Lair:2)
  7 wyverns
  13 fire elementals
  Eustachio (D:6)
  2 steam dragons
  Grum (Lair:1)
  26 redbacks
  10 vampire mosquitoes
  Menkaure (D:6)
  2 wargs (Orc:1)
  Duvessa (D:4)
  4 acid dragons
  13 water moccasins
  A hell hound (Orc:2)
  3 black bears
  2 ice beasts
  28 orc warriors
  9 centaurs
  7 ogres
  8 wolves
  Blork the orc (D:6)
  14 bullfrogs
  A necrophage (D:7)
  2 gnoll sergeants
  2 scorpions
  4 wights (D:7)
  3 killer bees (D:8)
  Dowan (D:4)
  A howler monkey (D:7)
  2 electric eels
  2 hounds
  3 jellies
  A gnoll bouda (Lair:1)
  26 orc priests
  32 orc wizards
  3 iguanas
  15 gnolls
  8 adders
  A shadow imp (D:8)
  An ufetubus (D:7)
  3 worms
  3 dart slugs
  72 orcs
  4 endoplasms
  2 giant cockroaches (D:1)
  5 goblins
  7 hobgoblins
  2 quokkas
  11 ball pythons
  2 bats
  A frilled lizard (D:1)
  5 kobolds
  4 rats
683 creatures vanquished.

Vanquished Creatures (collateral kills)
  Saint Roka (Orc:2)
  Jorgrun (Orc:2)
  A broodmother (Spider:2)
  2 hydras (D:15)
  4 orb spiders
  A pharaoh ant (Spider:1)
  A deep elf archer (D:13)
  3 ugly things (D:15)
  2 wolf spiders
  An ice statue (D:13)
  A gargoyle (D:11)
  A troll (D:14)
  5 tarantellas
  A culicivora (Spider:2)
  2 slime creatures (D:15)
  7 jumping spiders
  3 fire elementals (Orc:2)
  3 yaks
  15 redbacks
  A vampire mosquito (D:13)
  6 orc warriors
  2 ogres (Orc:1)
  4 orc priests
  2 orc wizards
  10 orcs
80 creatures vanquished.

Vanquished Creatures (others)
  An orc warrior (Orc:2)
  4 ancestors (D:12)
  6 knights
  An orc wizard (D:12)
  19 foxfires (D:5)
  38 fungi
  99 plants
168 creatures vanquished.

Grand Total: 931 creatures vanquished

Notes
Turn   | Place    | Note
-------+----------+-------------------------------------------
     0 | D:1      | PublicAnimeNo1 the Demonspawn Cinder Acolyte began the
                  | quest for the Orb.
     0 | D:1      | Reached XP level 1. HP: 18/18 MP: 2/2
    30 | D:1      | Gained mutation: Your demonic aura sometimes causes spilled
                  | blood to erupt in flames. [demonic ancestry]
    30 | D:1      | Reached XP level 2. HP: 15/24 MP: 3/3
   691 | D:1      | Learned a level 2 spell: Scorch
   898 | D:2      | Reached XP level 3. HP: 29/29 MP: 4/4
  1218 | D:2      | Found a faded altar of an unknown god.
  1632 | D:3      | Found Sogiah's Assorted Antiques.
  1640 | D:3      | Bought a scroll labelled ERUMOM BUTT for 27 gold pieces
  1640 | D:3      | Bought a scroll labelled JEIGOGGOIMM for 27 gold pieces
  1640 | D:3      | Bought a scroll labelled NIYT LAUVELUOSO for 27 gold pieces
  1657 | D:3      | Reached skill level 1 in Stealth
  1973 | D:3      | Found a runed translucent door.
  1974 | D:3      | Noticed Crazy Yiuf
  2102 | D:3      | Gained mutation: You have a pair of small horns on your
                  | head. [demonic ancestry]
  2102 | D:3      | Reached XP level 4. HP: 24/37 MP: 2/5
  2331 | D:3      | Identified the +9 sling of Glory {drain, rElec rF- Int+7
                  | Stlth+}
  2416 | D:3      | Found a sparkling altar of Nemelex Xobeh.
  2945 | D:4      | Gained mutation: You are partially covered in razor-sharp
                  | scales. (AC +1, Slay +1) [demonic ancestry]
  2945 | D:4      | Reached XP level 5. HP: 42/42 MP: 6/6
  3256 | D:4      | Found a snail-covered altar of Cheibriados.
  3258 | D:4      | Found a bloodstained altar of Trog.
  3262 | D:4      | Found a basalt altar of Yredelemnul.
  3263 | D:4      | Found an iron altar of Okawaru.
  3294 | D:4      | Found Tecug's Distillery.
  3300 | D:4      | Bought a potion of curing for 33 gold pieces
  3333 | D:4      | Noticed Dowan
  3333 | D:4      | Noticed Duvessa
  3341 | D:4      | Killed Duvessa
  3342 | D:4      | Reached skill level 1 in Ranged Weapons
  3344 | D:4      | Killed Dowan
  3345 | D:4      | Gained mutation: You regenerate magic rapidly. [demonic
                  | ancestry]
  3345 | D:4      | Reached XP level 6. HP: 43/49 MP: 4/7
  4061 | D:5      | Entered Level 5 of the Dungeon
  4120 | D:5      | Reached skill level 2 in Ranged Weapons
  4169 | D:5      | Identified the +0 leather armour of the Hills {Regen+ MP+9}
  4186 | D:5      | Noticed an ice beast
  4195 | D:5      | Killed an ice beast
  4196 | D:5      | Reached skill level 5 in Fighting
  4196 | D:5      | Gained mutation: You are mostly covered in razor-sharp
                  | scales. (AC +2, Slay +2) [demonic ancestry]
  4196 | D:5      | Reached XP level 7. HP: 48/56 MP: 8/8
  4255 | D:5      | Found a staircase to the Ecumenical Temple.
  4295 | D:5      | Reached skill level 3 in Ranged Weapons
  4418 | D:5      | Found Guzxozoh's Antique Armour Shoppe.
  4600 | D:5      | Reached skill level 5 in Short Blades
  5146 | D:6      | Noticed Eustachio
  5151 | D:6      | Killed Eustachio
  5152 | D:6      | Gained mutation: When hurt, damage is shared between your
                  | health and your magic reserves. [demonic ancestry]
  5152 | D:6      | Reached XP level 8. HP: 64/64 MP: 9/9
  5233 | D:6      | Noticed Menkaure
  5241 | D:6      | Killed Menkaure
  5259 | D:6      | Found Xuafut's Assorted Antiques.
  5349 | D:6      | Reached skill level 4 in Ranged Weapons
  5349 | D:6      | Reached skill level 5 in Stealth
  5563 | D:6      | Noticed Blork the orc
  5566 | D:6      | Killed Blork the orc
  5904 | D:7      | Reached skill level 1 in Dodging
  6104 | D:7      | Reached XP level 9. HP: 61/67 MP: 10/10
  6433 | D:8      | Noticed Joseph
  6441 | D:8      | Killed Joseph
  6484 | D:8      | Reached skill level 5 in Ranged Weapons
  6584 | D:7      | Upgraded the game from 0.30-a0-459-g9104f0f to
                  | 0.30-a0-509-gd016549
  6798 | D:8      | Noticed Prince Ribbit
  6807 | D:8      | Killed Prince Ribbit
  7172 | D:9      | Reached skill level 6 in Ranged Weapons
  7264 | D:9      | Reached XP level 10. HP: 77/80 MP: 11/11
  7442 | D:9      | Found a staircase to the Lair.
  7485 | D:9      | Reached skill level 7 in Ranged Weapons
  8152 | D:10     | Entered Level 10 of the Dungeon
  8200 | D:10     | Reached skill level 5 in Dodging
  8276 | D:10     | Noticed a two-headed ogre
  8288 | D:10     | Killed a two-headed ogre
  8289 | D:10     | Reached skill level 1 in Evocations
  8293 | D:10     | Reached skill level 8 in Ranged Weapons
  8546 | D:10     | Found a staircase to the Orcish Mines.
  8681 | D:10     | Noticed Snorg
  8686 | D:10     | Killed Snorg
  8687 | D:10     | Reached XP level 11. HP: 87/87 MP: 12/12
  8883 | Lair:1   | Entered Level 1 of the Lair of Beasts
  9367 | Lair:1   | Noticed Grum
  9371 | Lair:1   | Killed Grum
  9845 | Lair:2   | Gained mutation: Your magical capacity is low. (-10% MP)
                  | [potion of mutation]
  9845 | Lair:2   | Gained mutation: Your mind is acute. (Int +4, Str/Dex -1)
                  | [potion of mutation]
  9845 | Lair:2   | Gained mutation: You possess an exceptional clarity of
                  | mind. [potion of mutation]
  9845 | Lair:2   | Gained mutation: You are covered in fur. (AC +1) [potion of
                  | mutation]
  9880 | Lair:2   | Reached skill level 9 in Ranged Weapons
  9915 | Lair:2   | Found a staircase to the Swamp.
 10151 | Lair:2   | You fall into a shaft and drop 1 floor!
 10218 | Lair:2   | Found a blossoming altar of Fedhas.
 10753 | Lair:3   | Reached skill level 10 in Ranged Weapons
 10786 | Lair:3   | Noticed a death yak
 10787 | Lair:3   | Noticed a death yak
 10846 | Lair:3   | Reached skill level 10 in Fighting
 10853 | Lair:3   | Gained mutation: When low on magic, you restore magic in
                  | place of health. [demonic ancestry]
 10853 | Lair:3   | Reached XP level 12. HP: 85/97 MP: 12/12
 10890 | Lair:3   | Reached skill level 5 in Evocations
 10941 | Lair:3   | Found a hole to the Spider Nest.
 10950 | Lair:3   | Killed a death yak
 10963 | Lair:3   | Killed a death yak
 11262 | Lair:3   | Reached skill level 11 in Ranged Weapons
 11561 | Lair:4   | Reached skill level 10 in Stealth
 11722 | Lair:4   | Noticed an eight-headed hydra
 11727 | Lair:4   | Killed an eight-headed hydra
 12520 | Lair:5   | Entered Level 5 of the Lair of Beasts
 12650 | Lair:5   | Reached skill level 12 in Ranged Weapons
 12650 | Lair:5   | Gained mutation: You are completely covered in razor-sharp
                  | scales. (AC +3, Slay +3) [demonic ancestry]
 12650 | Lair:5   | Reached XP level 13. HP: 82/106 MP: 13/13
 12916 | Lair:4   | Upgraded the game from 0.30-a0-509-gd016549 to
                  | 0.30-a0-591-g3c58d2b
 13346 | Lair:5   | Reached skill level 13 in Ranged Weapons
 13379 | Lair:5   | Found a viscous altar of Jiyva.
 13884 | Lair:5   | Found a staircase to the Slime Pits.
 14021 | Lair:5   | Identified the ring "Xupyun" {rF+ rC+ MP+9 Dex+2 Slay+2}
 14224 | Temple   | Entered the Ecumenical Temple
 14524 | Temple   | Fell from the grace of Ignis
 14524 | Temple   | Became a worshipper of Hepliaklqana the Forgotten
 15101 | D:11     | Found a runed translucent door.
 15101 | D:11     | Found a shimmering altar of Xom.
 15101 | D:11     | Noticed Caterwaul's ghost (journeyman HuFi)
 15473 | D:11     | Reached * piety under Hepliaklqana
 16416 | D:11     | You fall into a shaft and drop 1 floor!
 16480 | D:12     | Reached XP level 14. HP: 97/104 MP: 13/13
 16808 | D:12     | Reached skill level 14 in Ranged Weapons
 16939 | D:12     | Was forgiven by Ignis
 17096 | D:13     | Reached ** piety under Hepliaklqana
 17097 | D:13     | Remembered your ancestor Citlalmina as a knight
 17146 | D:13     | Found a gate to the Vaults.
 17158 | D:13     | Reached skill level 1 in Invocations
 17376 | D:13     | Reached skill level 1 in Armour
 17538 | Orc:1    | Entered Level 1 of the Orcish Mines
 17585 | Orc:1    | Noticed Erica
 17594 | Orc:1    | Killed Erica
 17775 | Orc:1    | Found Lugreim's General Store.
 17797 | Orc:1    | Bought the +5 arbalest of Futyaz {speed, Str+4 Int+4} for
                  | 996 gold pieces
 17907 | Orc:2    | Entered Level 2 of the Orcish Mines
 17907 | Orc:2    | Found a staircase to the Elven Halls.
 17947 | Orc:2    | Found Veenahuvuw's Magic Scroll Shoppe.
 17956 | Orc:2    | Bought a scroll of blinking for 97 gold pieces
 17956 | Orc:2    | Bought a scroll of blinking for 97 gold pieces
 17956 | Orc:2    | Bought a scroll of identify for 26 gold pieces
 17956 | Orc:2    | Bought a scroll of fear for 52 gold pieces
 18015 | Orc:2    | Reached *** piety under Hepliaklqana
 18122 | Orc:2    | Paralysed by an orc sorcerer for 2 turns
 18125 | Orc:2    | Noticed Jorgrun
 18151 | Orc:2    | Killed Jorgrun
 18341 | Orc:2    | Noticed Azrael
 18354 | Orc:2    | Killed Azrael
 18444 | Orc:2    | Noticed Saint Roka
 18590 | Orc:2    | Killed Saint Roka
 18624 | Orc:2    | Reached skill level 10 in Evocations
 18653 | Orc:2    | Found Wiuvehai's Antique Weapon Emporium.
 18688 | Orc:2    | Found Ewnutot's Antique Armour Emporium.
 18793 | Orc:2    | Found Tedis's Jewellery Emporium.
 18831 | Orc:2    | Found Sesiph's General Store.
 19567 | D:13     | Reached skill level 5 in Invocations
 19878 | D:14     | Reached XP level 15. HP: 102/111 MP: 17/17
 20158 | D:14     | Got the Parchment of Incendiary Malediction
 20257 | D:14     | Reached **** piety under Hepliaklqana
 20439 | D:15     | Entered Level 15 of the Dungeon
 20491 | D:15     | Reached skill level 15 in Ranged Weapons
 20604 | D:15     | Found a staircase to the Depths.
 20605 | D:15     | Noticed a fire giant
 20615 | D:15     | Killed a fire giant
 21386 | Spider:1 | Entered Level 1 of the Spider Nest
 21605 | Spider:1 | Reached skill level 5 in Armour
 21785 | Spider:1 | Reached ***** piety under Hepliaklqana
 21964 | Spider:1 | Identified the +7 spear of Caustic Prudence {freeze, rCorr}
 21981 | Spider:1 | Identified the +4 rapier of Revolt {protect, Int+7}
 22531 | Spider:2 | Gained mutation: Your demonic aura often causes spilled
                  | blood to erupt in flames. [demonic ancestry]
 22531 | Spider:2 | Reached XP level 16. HP: 119/119 MP: 20/20
 22817 | Spider:2 | Reached skill level 16 in Ranged Weapons
 22831 | Spider:2 | Noticed Arachne
 22840 | Spider:2 | Killed Arachne
 23373 | Spider:3 | HP: 6/120 [wolf spider (1)]
 23373 | Spider:3 | Demolished by a broodmother

Illustrated notes

Levels and vault maps discovered:
D:1:      dpeg_arrival_tiny_e, layout_basic, chequers_serial_rivers_large_b,
          chequers_serial_rivers_small_3, minmay_misc_feat_x
D:2:      layout_basic, shapermc_ecumenical_altar_gd
D:3:      wad_lake_hut, layout_loops_ring, mainiacjoe_overflow_six_doors_small,
          serial_shops, shop, minmay_shallow_snake_nest, uniq_crazy_yiuf_cottage
D:4:      layout_basic, minitemple, serial_shops, nicolae_shop_crystal,
          kennysheep_another_room, uniq_duvessa
D:5:      layout_cave_pools, minmay_temple_entry_slanted,
          serial_co_window_serial, co_window_of_opportunity_a,
          co_window_paths_b, co_window_corner_a, co_window_paths_a,
          co_window_paths_a, co_window_broadway_b, co_window_of_opportunity_c,
          co_window_corner_b, co_window_corner_b, co_window_2corner,
          co_window_of_opportunity_c, co_window_paths_e, co_window_4corner_a,
          serial_shops, nicolae_shop_behind_doors
D:6:      layout_gridville, serial_shops, shop, uniq_eustachio, uniq_menkaure,
          uniq_blork_the_orc
D:7:      layout_rooms
D:8:      layout_loops_ring, uniq_prince_ribbit1, uniq_joseph
D:9:      layout_grid_maze, minmay_lair_entry_grove
D:10:     layout_basic, orc_0_dummy, chequers_serial_rivers_marsh, uniq_snorg
D:11:     layout_grid_maze, ebering_ghost_xom
D:12:     layout_rooms, chequers_serial_rivers_micro_c
D:13:     lemuel_ice_statue, layout_basic, erik_vaults_1,
          minmay_hollow_rounded_squares
D:14:     layout_cave_pools, special_room [special_room_orc],
          minmay_misc_feat_diagonals
D:15:     grunt_enter_depths_giant_problem, layout_stronghold, elyvilon_altar_1
Temple:   minmay_temple_bridge_d
Lair:1:   layout_cave_pods, eino_small_chamber_without_monster,
          dreamdust_gnoll_shepherd, uniq_grum
Lair:2:   layout_gridlike, swamp_mist, basic_altar, serial_bayou_shore_b,
          lemuel_fruit_tree
Lair:3:   layout_long_grid, dummy_spider_entry, grunt_megastairs_4
Lair:4:   layout_cave_pods, minivault_24, nicolae_quartered_pool_medium
Lair:5:   minmay_lair_end_frog_pond, layout_cave_pods, slime_entry_1,
          st_stairs_6
Spider:1: nicolae_spider_mines_3, nicolae_spider_rock_and_or_roll
Spider:2: layout_spider_delve, nicolae_spider_baby_got_redback, uniq_arachne
Spider:3: layout_spider_delve, uniq_aizul
Orc:1:    layout_caves, serial_shops, shop_statue, uniq_erica
Orc:2:    grunt_orc_cross, layout_caves, basic_altar, special_room,
          serial_shops, shop, uniq_jorgrun, uniq_azrael

Skill      XL: |  1  2  3  4  5  6  7  8  9 10 11 12 13 14 15 16 |
---------------+-------------------------------------------------+-----
Fire Magic     | 3 |  3.0
Short Blades   | 3 4 5 6 |  6.0
Stealth        | 1 2 3 4 5 7 8 9 10 | 10.0
Fighting       | 4 5 6 7 8 10 11 12 13 14 | 14.3
Ranged Weapons | 1 2 3 4 6 8 10 12 13 14 15 16 | 16.3
Dodging        | 1 4 5 6 7 8 |  8.3
Evocations     | 2 4 7 9 10 | 10.0
Invocations    | 5 8 9 |  9.4
Armour         | 3 5 6 |  6.4
Spellcasting   | |  1.0

Action                   |  1- 3 |  4- 6 |  7- 9 | 10-12 | 13-15 | 16-18 || total
-------------------------+-------+-------+-------+-------+-------+-------++-------
Melee: Short sword       |    11 |       |       |       |     2 |       ||    13
       Dagger            |   111 |    23 |       |       |       |       ||   134
       Punch             |     3 |       |       |       |       |       ||     3
       Headbutt          |       |     4 |       |       |     1 |       ||     5
 Fire: Sling             |       |    60 |   195 |   552 |   627 |       ||  1434
       Arbalest          |       |       |       |       |   754 |   189 ||   943
 Cast: Scorch            |    11 |     3 |       |       |       |       ||    14
Invok: Fiery Armour      |     4 |       |     1 |     4 |     1 |       ||    10
       Foxfire Swarm     |       |       |     1 |       |       |       ||     1
       Recall Ancestor   |       |       |       |       |     4 |       ||     4
       Rising Flame      |       |       |       |       |     1 |       ||     1
       Transference      |       |       |       |       |     2 |       ||     2
       Ancestor Life: Kn |       |       |       |       |     1 |       ||     1
       Idealise          |       |       |       |       |     1 |       ||     1
Evoke: Wand              |       |       |       |       |     1 |       ||     1
  Use: Scroll            |     7 |     3 |     6 |     7 |    11 |     3 ||    37
       Potion            |       |       |       |     5 |     4 |     1 ||    10
 Stab: Sleeping          |     1 |       |       |       |     1 |       ||     2
Armor: Robe              |    26 |       |       |       |       |       ||    26
       Leather armour    |       |     5 |    18 |    61 |   163 |    16 ||   263
       Skin              |       |     1 |       |       |       |       ||     1
Dodge: Dodged            |    50 |    14 |    39 |   172 |   238 |    38 ||   551
Block: Other             |       |       |       |    33 |    86 |    13 ||   132
       Reflection        |       |       |       |       |     7 |       ||     7
       Orb               |       |       |       |       |     7 |       ||     7

Table legend: (Time is in decaauts)
 A = Elapsed time spent in this place.
 B = Non-inter-level travel time spent in this place.
 C = Inter-level travel time spent in this place.
 D = Time resting spent in this place.
 E = Time spent auto-exploring this place.
 F = Levels seen in this place.
 G = Mean time per level.
                   A        B        C        D        E       F      G
               +--------+--------+--------+--------+--------+-----+--------+
         Total |  23094 |  21465 |   1629 |   1489 |  16423 |  26 |  888.2 |
       Dungeon |  14085 |  13157 |    928 |    829 |  10498 |  15 |  939.0 |
        Temple |    370 |    227 |    143 |      0 |    213 |   1 |  370.0 |
          Lair |   5326 |   4929 |    397 |    334 |   3683 |   5 | 1065.2 |
   Spider Nest |   1784 |   1747 |     37 |    200 |   1078 |   3 |  594.7 |
  Orcish Mines |   1527 |   1404 |    123 |    126 |    950 |   2 |  763.5 |
               +--------+--------+--------+--------+--------+-----+--------+

Top non-repeatable levels by time:
    D:11: 1786 daAuts
  Lair:5: 1299 daAuts
     D:9: 1228 daAuts
     D:3: 1188 daAuts
  Lair:4: 1186 daAuts
     D:4: 1158 daAuts
     D:2: 1037 daAuts
    D:13: 1019 daAuts
     D:5: 1007 daAuts
  Lair:3: 1002 daAuts
  Lair:1: 992 daAuts
Spider:2: 895 daAuts
   Orc:2: 893 daAuts
  Lair:2: 845 daAuts
     D:6: 820 daAuts
